 Dungeon Crawl Stone Soup version 0.30.0-29-ga12c61a403 (webtiles) character file.

Game seed: 3395727085695164348

43085 skidoiboi the Cleaver (level 13, -11/175 HPs)
             Began as a Grey Draconian Berserker on June 9, 2023.
             Was a High Priest of Trog.
             Mangled by an 11-headed hydra (12 damage)
             ... on level 14 of the Dungeon on June 10, 2023.
             The game lasted 01:13:10 (18261 turns).

skidoiboi the Cleaver (Grey Draconian Berserker)   Turns: 18261, Time: 01:13:10

Health: -11/175    AC: 23    Str: 22    XL:     13   Next: 88%
Magic:  0/32       EV: 21    Int:  8    God:    Trog [*****.]
Gold:   601        SH: 13    Dex: 19    Spells: 12/12 levels left

rFire   + . .        u - +3 broad axe (heavy)
rCold   . . .        J - +2 kite shield
rNeg    . . .        (body armour unavailable)
rPois   .            a - +3 hat of Pondering {ponderous, Will+ MP+10 Int+5}
rElec   .            e - +2 cloak
rCorr   .            z - +2 pair of gloves
SInv    .            x - +0 pair of boots {Fly}
Will    ++...        d - amulet of guardian spirit Stlth
                     v - ring of magical power
HPRegen 0.49/turn    F - ring of Rumid {EV+5 Int-5 Dex+6}
MPRegen 0.23/turn

%: guardian spirit
@: berserking, flying, very quick
A: AC +13, amphibious, unfitting armour, cold-blooded, stinger 1, talons 2, fire
resistance 1, strong-willed 1
a: Renounce Religion, Berserk, Trog's Hand, Brothers in Arms


You were on level 14 of the Dungeon.
You worshipped Trog.
Trog was extremely pleased with you.
You visited 1 branch of the dungeon, and saw 14 of its levels.
You also visited: Bailey.

You collected 2035 gold pieces.
You spent 1434 gold pieces at shops.

Inventory:

Hand Weapons
 u - a +3 heavy broad axe (weapon)
Missiles
 f - 47 stones (quivered)
 r - 3 throwing nets
Armour
 a - the +3 hat of Pondering (worn) {ponderous, Will+ MP+10 Int+5}
   (You bought it in a shop on level 8 of the Dungeon)

   Int:       It affects your intelligence (+5).
   MP:        It affects your magic capacity (+10).
   Will:      It increases your willpower.
 e - a +2 cloak (worn)
 x - a +0 pair of boots of flying (worn)
 z - a +2 pair of gloves (worn)
 J - a +2 kite shield (worn)
Jewellery
 d - an amulet of guardian spirit (around neck)
 v - a ring of magical power (left hand)
 F - the ring of Rumid (right hand) {EV+5 Int-5 Dex+6}
   (You bought it in a shop on level 1 of the Dungeon)

   [ring of evasion]

   EV:        It affects your evasion (+5).
   Int:       It affects your intelligence (-5).
   Dex:       It affects your dexterity (+6).
Wands
 p - a wand of charming (4)
 A - a wand of mindburst (20)
 E - a wand of iceblast (14)
 I - a wand of digging (7)
Scrolls
 i - 3 scrolls of magic mapping
 m - 5 scrolls of teleportation
 n - 2 scrolls of blinking
 s - 2 scrolls of fear
 t - 4 scrolls of fog
 C - 4 scrolls of identify
Potions
 b - a potion of might
 c - 13 potions of curing
 g - a potion of invisibility
 h - 10 potions of flight
 j - 2 potions of ambrosia
 k - 2 potions of magic
 o - a potion of berserk rage
 q - 2 potions of heal wounds
 B - a potion of lignification
 D - 3 potions of attraction
 G - a potion of haste
 H - a potion of resistance {unknown}


   Skills:
 * Level 11.7 Fighting
 + Level 13.9 Axes
 * Level 7.6 Throwing
 + Level 7.6 Dodging
 * Level 8.2 Stealth
 * Level 7.8 Shields
 * Level 7.7 Evocations


You had 12 spell levels left.
You didn't know any spells.
Your spell library was empty.

Dungeon Overview and Level Annotations

Branches:
Dungeon (14/15)            Temple (0/1) D:5            Lair (0/5) D:11
    Orc (0/2) D:11         Vaults (0/5) D:13         Bailey (visited)

Altars:
Ashenzari
Cheibriados
Dithmenos
Fedhas
Gozag
Kikubaaqudgha
Nemelex Xobeh
Sif Muna
Trog
Uskayaw
Vehumet
Xom
Yredelemnul
Zin

Shops:
D:1 [=   D:3 [


Innate Abilities, Weirdness & Mutations

Your dull iron-grey scales are very hard. (AC +13)
You are amphibious.
You cannot fit into any form of body armour.
You are cold-blooded and may be slowed by cold attacks.
Your tail ends in a venomous barb.
You have razor-sharp toenails.
Your flesh is heat resistant. (rF+)
You are strong-willed. (Will+)


Message History

* * * LOW HITPOINT WARNING * * *
You block the nine-headed hydra's attack.
The nine-headed hydra misses you. The cyclops hits you!
* * * LOW HITPOINT WARNING * * *
You hit the cyclops.
The cyclops is moderately wounded.
You hack one of the nine-headed hydra's heads off!
The eight-headed hydra grows two more!
You slice the ten-headed hydra!! You miss the tengu warrior.
The boulder beetle curls into a ball and begins rolling!
You block the tengu warrior's attack. x2
The tengu warrior claws you but does no damage.
The rakshasa completely misses you.
The ten-headed hydra bites you but does no damage.
You block the ten-headed hydra's attack.
The ten-headed hydra bites you but does no damage.
The ten-headed hydra misses you. x2
The ten-headed hydra bites you but does no damage.
You block the ten-headed hydra's attack.
The ten-headed hydra bites you.
* * * LOW HITPOINT WARNING * * *
The ten-headed hydra barely misses you.
The ten-headed hydra closely misses you.
Really fly into that cloud of poison gas?
Okay, then.
You hit the cyclops. You tail-slap the cyclops!
The cyclops is poisoned.
The cyclops is severely wounded.
You hack one of the ten-headed hydra's heads off!
The nine-headed hydra grows two more!
You hit the 11-headed hydra. You slice the tengu warrior!!
The cyclops completely misses you. You block the tengu warrior's attack.
The tengu warrior misses you. You block the tengu warrior's attack.
The rakshasa hits you but does no damage.
The 11-headed hydra bites you.
* * * LOW HITPOINT WARNING * * *
The 11-headed hydra misses you. The 11-headed hydra bites you.
* * * LOW HITPOINT WARNING * * *
The 11-headed hydra bites you but does no damage.
The 11-headed hydra bites you!
You die...

#...## ##.##.... #...# # #
#.##.... #...##○#§ §#§##.###.#.
#....##§§### ###§§##..# #.#.
##.....##☼§#§ §#☼☼##...###.#.
#.......##§○§###§☼§##.........>
###........###BR#H.###.....###.#.
#...........###†QC##...........#.
#.##.........##D@†##.....#####...
..##########○§○☼☼☼##.....#...#.#.
[....# #########.....#.#.#.#.
####.# #.....#....... #
###.#.###.#... #.#.........
#.#####.#... #.#...#.##..
#.#.#.#.....


You could see a boulder beetle (rolling, poisoned), a 11-headed hydra, a
rakshasa, a tengu warrior, a manticore and a cyclops (poisoned).

Vanquished Creatures
  Kirke (D:12)
  Azrael (D:13)
  A fire dragon (D:14)
  2 hydras
  6 centaur warriors
  A death knight (D:14)
  4 two-headed ogres
  A catoblepas (D:13)
  3 boulder beetles
  2 tengu warriors (D:14)
  A skeletal warrior (D:14)
  Lodul (D:10)
  A deep elf zephyrmancer (D:13)
  4 deep elf pyromancers
  A deep elf archer (D:13)
  5 cyclopes
  2 orc knights
  3 ugly things
  3 manticores
  A kobold demonologist (D:5)
  A gargoyle (D:12)
  Maggie (D:7)
  3 komodo dragons
  2 unseen horrors
  Psyche (D:8)
  A freezing wraith (D:14)
  4 yaktaurs (D:13)
  An efreet (D:13)
  6 trolls
  A tengu conjurer (D:14)
  3 meliai (D:13)
  A meliai (shapeshifter) (D:14)
  A hornet (D:10)
  5 slime creatures (D:12)
  A water elemental (D:12)
  3 wraiths
  3 wyverns
  A hog (D:12)
  A human (shapeshifter) (D:14)
  A steam dragon (D:6)
  22 yaks
  A basilisk (D:13)
  Menkaure (D:6)
  7 vampire mosquitoes
  3 acid dragons
  6 hell hounds (D:13)
  3 water moccasins
  2 ice beasts (D:7)
  15 orc warriors
  2 sky beasts
  4 black bears
  14 ogres
  9 centaurs
  A kobold brigand (D:7)
  A phantom (D:7)
  2 bullfrogs
  2 gnoll sergeants
  2 scorpions
  3 wights (D:8)
  7 killer bees (D:9)
  8 howler monkeys
  5 electric eels
  A jelly (D:5)
  5 hounds
  7 orc priests
  5 gnoll boudas
  4 iguanas
  6 orc wizards
  3 sleepcaps
  A mummy (D:6)
  28 gnolls
  11 adders
  2 shadow imps
  4 white imps
  2 ufetubi
  2 worms
  2 dart slugs
  30 orcs
  5 ball pythons
  2 endoplasms
  2 giant cockroaches
  12 goblins
  10 hobgoblins
  4 jackals (D:5)
  2 quokkas (D:4)
  7 bats
  A hobgoblin zombie (D:6)
  9 kobolds
  3 kobold zombies (D:6)
  5 rats (D:3)
380 creatures vanquished.

Vanquished Creatures (others)
  An angel (D:7)
  A killer bee (D:9)
  An orc wizard (D:13)
  An orc (D:8)
4 creatures vanquished.

Grand Total: 384 creatures vanquished

Notes
Turn   | Place    | Note
-------+----------+-------------------------------------------
     0 | D:1      | skidoiboi the Draconian Berserker began the quest for the
                  | Orb.
     0 | D:1      | Reached XP level 1. HP: 19/19 MP: 1/1
    55 | D:1      | Found a faded altar of an unknown god.
   499 | D:1      | Found Ysiecs's Armour Shoppe.
   550 | D:1      | Reached XP level 2. HP: 26/26 MP: 2/2
   571 | D:1      | Found Baveum's Jewellery Shoppe.
   947 | D:2      | Found a basalt altar of Yredelemnul.
  1397 | D:2      | Reached skill level 4 in Axes
  1397 | D:2      | Reached XP level 3. HP: 23/31 MP: 3/3
  1788 | D:3      | Found a radiant altar of Vehumet.
  1848 | D:3      | Found Kydeg's Antique Armour Emporium.
  2443 | D:3      | You fall into a shaft and drop 3 floors!
  2455 | D:6      | Noticed a water moccasin
  2470 | D:6      | HP: 2/46 [water moccasin (3)]
  2471 | D:6      | Killed a water moccasin
  2472 | D:6      | Reached skill level 6 in Axes
  2472 | D:6      | Reached XP level 4. HP: 2/38 MP: 1/4
  2472 | D:6      | Reached XP level 5. HP: 3/45 MP: 1/5
  2530 | D:5      | Entered Level 5 of the Dungeon
  2571 | D:5      | Found a shimmering blue altar of Sif Muna.
  2658 | D:4      | Reached XP level 6. HP: 40/51 MP: 6/6
  3226 | D:4      | Reached ** piety under Trog
  3227 | D:4      | Reached skill level 7 in Axes
  3272 | D:4      | Found an opulent altar of Gozag.
  3272 | D:4      | Found a basalt altar of Yredelemnul.
  4814 | D:5      | Reached skill level 1 in Stealth
  4814 | D:5      | Your scales start taking on a dull iron-grey colour.
  4814 | D:5      | Reached XP level 7. HP: 54/58 MP: 4/7
  5065 | D:5      | Reached skill level 1 in Throwing
  5319 | D:5      | Noticed a kobold demonologist
  5333 | D:5      | Reached skill level 8 in Axes
  5344 | D:5      | Noticed a hellwing
  5347 | D:5      | Reached XP level 8. HP: 40/67 MP: 3/8
  5347 | D:5      | Noticed a soul eater
  5350 | D:5      | Killed a kobold demonologist
  5351 | D:5      | Reached skill level 5 in Fighting
  5351 | D:5      | Reached skill level 9 in Axes
  5936 | D:5      | Found an ancient bone altar of Kikubaaqudgha.
  5971 | D:5      | Found a staircase to the Ecumenical Temple.
  6121 | D:6      | Noticed Menkaure
  6131 | D:6      | Killed Menkaure
  6263 | D:6      | Reached skill level 1 in Shields
  6297 | D:6      | Reached skill level 1 in Evocations
  6339 | D:6      | Reached *** piety under Trog
  6638 | D:6      | Reached XP level 9. HP: 55/74 MP: 7/9
  6897 | D:6      | Found a snail-covered altar of Cheibriados.
  6966 | D:6      | Identified a scroll of acquirement
  6966 | D:6      | Acquired a +1 heavy broad axe
  7070 | D:6      | Gained mutation: You are weak. (Str -2) [potion of
                  | mutation]
  7070 | D:6      | Gained mutation: Your natural rate of healing is unusually
                  | fast. [potion of mutation]
  7119 | D:7      | Found a glowing silver altar of Zin.
  7125 | D:7      | Noticed an angel
  7245 | D:7      | Noticed Maggie
  7250 | D:7      | Killed Maggie
  7333 | D:7      | Killed an angel
  7336 | D:7      | Found a bloodstained altar of Trog.
  7367 | D:7      | Found a shimmering altar of Xom.
  7423 | D:7      | Reached skill level 10 in Axes
  7650 | D:7      | Lost mutation: You are weak. (Str -2) [potion of mutation]
  7650 | D:7      | Lost mutation: Your natural rate of healing is unusually
                  | fast. [potion of mutation]
  7650 | D:7      | Gained mutation: Your tail ends in a venomous barb. [potion
                  | of mutation]
  7650 | D:7      | Gained mutation: You have sharp toenails. [potion of
                  | mutation]
  7650 | D:7      | Gained mutation: You have hidden genetic potential. [potion
                  | of mutation]
  7650 | D:7      | Gained mutation: Your flesh is heat resistant. (rF+)
                  | [potion of mutation]
  7880 | D:7      | Reached **** piety under Trog
  8138 | D:7      | Reached XP level 10. HP: 84/84 MP: 10/10
  8309 | D:8      | Noticed a two-headed ogre
  8314 | D:8      | Killed a two-headed ogre
  8333 | D:8      | Gained mutation: You have razor-sharp toenails. [hidden
                  | potential]
  8563 | D:8      | Reached skill level 11 in Axes
  8597 | D:8      | Noticed Psyche
  8611 | D:8      | Killed Psyche
  8702 | D:8      | Found Cheibriados's Comfort Zone.
  8704 | D:8      | Found a snail-covered altar of Cheibriados.
  8716 | D:8      | Bought the +3 hat of Pondering {ponderous, Will+ MP+10
                  | Int+5} for 533 gold pieces
  8716 | D:8      | Found the +3 hat of Pondering {ponderous, Will+ MP+10
                  | Int+5}
  9159 | D:8      | Found a hide-covered altar of Uskayaw.
  9159 | D:8      | Found a sparkling altar of Nemelex Xobeh.
  9167 | D:8      | Found a blossoming altar of Fedhas.
  9169 | D:8      | Found a broken altar of Ashenzari.
  9171 | D:8      | Found a faded altar of an unknown god.
  9448 | D:1      | Bought an amulet of the acrobat for 360 gold pieces
 10105 | D:9      | Reached skill level 5 in Dodging
 10166 | D:9      | Reached skill level 5 in Stealth
 10259 | D:9      | Noticed a two-headed ogre
 10525 | D:9      | Found a shadowy altar of Dithmenos.
 10540 | D:9      | Reached XP level 11. HP: 86/94 MP: 11/11
 10742 | D:9      | Killed a two-headed ogre
 10954 | D:10     | Entered Level 10 of the Dungeon
 11012 | D:10     | Noticed Lodul
 11022 | D:10     | Killed Lodul
 11023 | D:10     | Reached skill level 5 in Throwing
 11027 | D:10     | Gained mutation: You are strong-willed. (Will+) [hidden
                  | potential]
 11027 | D:10     | Lost mutation: You have hidden genetic potential. [hidden
                  | potential expressed]
 11200 | D:10     | Found a flagged portal.
 11209 | Bailey   | Entered a bailey
 11216 | Bailey   | Noticed an orc knight
 11290 | Bailey   | Identified the +1 long sword "Ratsihi" {freeze, rF+}
 11294 | Bailey   | Killed an orc knight
 11742 | D:10     | Reached skill level 5 in Shields
 11746 | D:10     | Reached skill level 12 in Axes
 11746 | D:10     | Reached skill level 5 in Evocations
 11783 | D:10     | Reached ***** piety under Trog
 12344 | D:11     | Noticed a boulder beetle
 12356 | D:11     | Killed a boulder beetle
 12521 | D:11     | Identified the +8 trident of the Manifold Queens {freeze,
                  | rPois rF+}
 12536 | D:11     | Reached XP level 12. HP: 105/105 MP: 12/12
 12659 | D:11     | Found a staircase to the Orcish Mines.
 12677 | D:11     | Received a gift from Trog
 12981 | D:11     | Noticed a two-headed ogre
 12989 | D:11     | Killed a two-headed ogre
 13029 | D:11     | Found a staircase to the Lair.
 13728 | D:12     | Reached skill level 10 in Fighting
 13731 | D:12     | Noticed a centaur warrior
 14112 | D:12     | Killed a centaur warrior
 14313 | D:12     | Reached skill level 13 in Axes
 14619 | D:12     | Noticed Kirke
 14633 | D:12     | Killed Kirke
 15222 | D:1      | Bought the ring of Rumid {EV+5 Int-5 Dex+6} for 541 gold
                  | pieces
 15545 | D:13     | Noticed an eight-headed hydra
 15558 | D:13     | Killed a 14-headed hydra
 15731 | D:13     | Noticed a boulder beetle
 15742 | D:13     | Killed a boulder beetle
 15752 | D:13     | Noticed a centaur warrior
 15761 | D:13     | Killed a centaur warrior
 15972 | D:13     | Noticed a catoblepas
 15980 | D:13     | Killed a catoblepas
 15980 | D:13     | Noticed Azrael
 15986 | D:13     | Reached XP level 13. HP: 94/114 MP: 13/13
 15996 | D:13     | Killed Azrael
 16725 | D:13     | Found a gate to the Vaults.
 18112 | D:14     | Noticed a fire dragon
 18123 | D:14     | Killed a fire dragon
 18260 | D:14     | HP: 5/175 [ten-headed hydra (5)]
 18261 | D:14     | HP: 1/175 [11-headed hydra (2)]
 18261 | D:14     | Mangled by an 11-headed hydra

Illustrated notes

Levels and vault maps discovered:
D:1:      dpeg_arrival_pits, layout_loops_ring,
          dreamdust_ecumenical_altar_grove, serial_shops,
          nicolae_lakefront_shop, nicolae_shop_peninsula
D:2:      layout_basic, basic_altar
D:3:      layout_loops_corners, fiery_altar_vehumet, serial_shops, shop_statue,
          dreamdust_mushroom_princess, bh_walls_and_bars
D:4:      layout_layer_cave, gammafunk_temple_overflow_elements,
          minmay_goblin_outpost
D:5:      layout_loops_ring, mainiacjoe_overflow_six_doors_small,
          mainiacjoe_overflow_boulevard, minmay_temple_entry_proselytizer,
          minmay_misc_feat_pillars, grunt_decor_clamped, minmay_joined_circles
D:6:      layout_cave_pools, slow_altar_2, serial_park_tiny_2, moated_statue,
          minmay_mini_ossuary, uniq_menkaure
D:7:      minmay_polygon_palace, layout_basic,
          grunt_temple_overflow_order_and_chaos_1,
          mainiacjoe_overflow_tiny_flanked, uniq_maggie
D:8:      layout_basic, chequers_temple_overflow_minitemple, minmay_shop_chei,
          uniq_psyche
D:9:      layout_irregular_city, mainiacjoe_overflow_small_starburst,
          serial_bayou, serial_bayou_lake_a, serial_bayou_pond_b,
          serial_bayou_lagoon_a, serial_bayou_lagoon_b, hangedman_decor_push
D:10:     layout_long_grid, enter_bailey_2, uniq_lodul
D:11:     layout_long_grid, david_lair_shrubbed, erik_orc_3
D:12:     layout_loops_corners, kennysheep_opposing_triangles, uniq_kirke
D:13:     layout_basic, hangedman_vaults_entry_quadrant_bands, uniq_azrael
D:14:     layout_basic, hangedman_abyss_or_decor_passed, kennysheep_kite_vault

Skill      XL: |  1  2  3  4  5  6  7  8  9 10 11 12 13 |
---------------+----------------------------------------+-----
Axes           | 4 6 7 8 9 10 11 12 13 | 13.9
Stealth        | 1 2 3 4 5 6 7 8 |  8.2
Throwing       | 1 2 3 4 5 6 7 |  7.6
Fighting       | 4 5 6 8 9 10 11 | 11.7
Dodging        | 3 4 5 6 7 |  7.6
Shields        | 1 3 4 5 6 7 |  7.8
Evocations     | 1 3 4 5 6 7 |  7.7

Action                     |  1- 3 |  4- 6 |  7- 9 | 10-12 | 13-15 || total
---------------------------+-------+-------+-------+-------+-------++-------
  Melee: Hand axe          |    93 |   124 |   220 |       |       ||   437
         Tailslap          |     6 |    13 |    41 |    57 |    36 ||   153
         Punch             |       |     1 |       |       |       ||     1
         Broad axe         |       |       |    79 |   442 |   176 ||   697
         Unarmed           |       |       |       |     1 |       ||     1
  Throw: Stone             |       |     1 |       |    51 |    19 ||    71
 Invoke: Berserk           |     1 |     2 |     2 |     6 |     2 ||    13
  Evoke: Wand              |       |       |       |     1 |     2 ||     3
    Use: Scroll            |     3 |    10 |     9 |    14 |     2 ||    38
         Potion            |       |       |     2 |     1 |     4 ||     7
   Stab: Sleeping          |       |     1 |     3 |    12 |     3 ||    19
         Distracted        |       |       |       |     1 |       ||     1
 Armour: Skin              |    32 |    40 |   157 |   402 |   149 ||   780
  Dodge: Dodged            |    65 |    75 |   198 |   439 |   319 ||  1096
  Block: Buckler           |       |       |    44 |   159 |    83 ||   286
         Kite shield       |       |       |       |       |    56 ||    56
